 Dungeon Sprint DCSS version bcrawl-1.27.6 (webtiles) character file.

Game seed: 9428457822813287772

1253246 Chiseanne the Unseen (level 8, -2/37 HPs)
             Began as a Spriggan Rogue on Sept 26, 2020.
             Was an Initiate of Gozag.
             Killed by an exploding ballistomycete spore (17 damage)
             ... in the Dungeon (Sprint I: "Red Sonja").
             The game lasted 00:03:52 (270 turns).

Chiseanne the Unseen (Spriggan Rogue)                Turns: 270, Time: 00:03:53

Health: -2/37      AC:  3    Str:  7    XL:     8   Next: 60%
Magic:  11/11      EV: 32    Int: 15    God:    Gozag
Gold:   318        SH:  0    Dex: 17    Spells: 7/7 levels left

rFire    . . .     SeeInvis +   a - +2 dagger (elec)
rCold    . . .     Gourm    .   (shield restricted)
rNeg     . . .     Faith    .   b - +0 robe
rPois    .         Spirit   .   (helmet restricted)
rElec    .         Reflect  .   d - +0 cloak
rCorr    .         Harm     .   (gloves unavailable)
MR       +....     NoTele   +   (boots unavailable)
Stlth    +++.......             (no amulet)
HPRegen  0.12/turn              (no ring)
MPRegen  0.12/turn              s - ring of wizardry

@: confused, gold aura, very quick
A: very small, unfitting armour, see invisible, herbivore, speed 3, slow
metabolism 2
a: Potion Petition, Call Merchant, Bribe Branch, Renounce Religion


You were in the Dungeon.
You worshipped Gozag.
Gozag was aware of your devotion.
You were not hungry.

You visited 1 branch You collected 626 gold pieces.
You spent 308 gold pieces at shops.

Inventory:

Hand Weapons
 a - a +2 dagger of electrocution (weapon)
 q - a +0 hunting sling
 w - a +0 blowgun
Missiles
 h - 77 poisoned needles
 o - 215 sling bullets
 t - 14 curare-tipped needles
 u - 130 arrows
Armour
 b - a +0 robe (worn)
 d - a +0 cloak (worn)
Jewellery
 r - the ring "Neamaodona" {Str+2 Int+2 Stlth--}
   (You bought it in a shop in the Dungeon)

   [ring of attention]

   It affects your strength (+2).
   It affects your intelligence (+2).
   It makes you much less stealthy.
 s - a ring of wizardry (right hand)
Wands
 f - a wand of flame (12)
 g - a wand of enslavement (22)
 p - a wand of polymorph (6)
Scrolls
 c - a scroll of amnesia
 n - a scroll of blinking
Potions
 i - 2 potions of curing
 j - a potion of heal wounds
 k - a potion of haste
 l - 2 potions of magic
 m - a potion of berserk rage
Comestibles
 e - a ration {!d}


   Skills:
 - Level 1.5 Fighting
 + Level 10.6 Short Blades
 * Level 16.2 Dodging
 * Level 18.3 Stealth
 - Level 2.6 Evocations


You had 7 spell levels left.
You didn't know any spells.
Your spell library was empty.

Dungeon Overview and Level Annotations

Branches:
Dungeon (1/1)

Altars:
Cheibriados
Dithmenos
Elyvilon
Fedhas
Gozag
Hepliaklqana
Kikubaaqudgha
Nemelex Xobeh
Okawaru
Qazlal
Ru
Sif Muna
Trog
Uskayaw
Vehumet
Wu Jian
Yredelemnul
Zin
The Shining One

Shops:
D *[


Innate Abilities, Weirdness & Mutations

You are very small and have problems with some larger weapons.
You are too small for most types of armour.
You have supernaturally acute eyesight. (SInv)
You are a herbivore.
You cover ground extremely quickly.
You need to consume almost no food.


Message History

You see here a quarterstaff.
There is an open door here.
There is an open door here.
You open the door. 2 ballistomycete spores come into view.
Found 102 gold pieces, 2 potions of curing and 274 stones.
Found 54 gold pieces.
There is an open door here.
The helpless ballistomycete spore fails to defend itself.
You perforate the ballistomycete spore like a sieve!!!!!
The ballistomycete spore explodes!
The explosion of spores engulfs you!!
You are confused.
Ouch! That really hurt!
The explosion of spores engulfs the ballistomycete spore!!
The ballistomycete spore explodes!
The explosion of spores engulfs you!
You are more confused.
You die...
Your body crumbles into a pile of gold.

#..#_____##'#_.+
#⌠⌠#_.∩..†'..._# $$
####_..__##_.#'#
$$#_____###'#)#$ ###
$
#########.####+###.##
$ +...'.....')∩#
#.).########## $
##.## $#@#$ $ #$!$!$#
#$$(($# ####### $$ $


$$$$ There were no monsters in sight!

Vanquished Creatures
  A deep troll (D)
  Sonja (D)
  Sigmund (D)
  A yak (D)
  An ogre (D)
  A jelly (D)
  Ijyb (D)
7 creatures vanquished.

Notes
Turn   | Place    | Note
-------+----------+-------------------------------------------
     0 | D        | Chiseanne the Spriggan Rogue began the quest for the Orb.
     0 | D        | Reached XP level 1. HP: 10/10 MP: 3/3
     1 | D        | Noticed Ijyb
     4 | D        | Killed Ijyb
     4 | D        | Reached skill level 8 in Stealth
     4 | D        | Reached XP level 2. HP: 14/14 MP: 5/5
    12 | D        | Noticed an ogre
    42 | D        | Noticed Sigmund
    45 | D        | Killed Sigmund
    45 | D        | Reached skill level 12 in Stealth
    45 | D        | Reached XP level 3. HP: 12/18 MP: 6/6
    45 | D        | Reached XP level 4. HP: 14/22 MP: 7/7
    45 | D        | Reached XP level 5. HP: 16/25 MP: 8/8
    54 | D        | Reached skill level 13 in Stealth
    54 | D        | Reached XP level 6. HP: 20/30 MP: 9/9
   113 | D        | Found a shimmering blue altar of Sif Muna.
   114 | D        | Found an ornate altar of the Wu Jian Council.
   115 | D        | Found a radiant altar of Vehumet.
   153 | D        | Found Zaumaf's Assorted Antiques.
   153 | D        | Found an ancient bone altar of Kikubaaqudgha.
   153 | D        | Found a hazy altar of Hepliaklqana.
   153 | D        | Found a hide-covered altar of Uskayaw.
   153 | D        | Found a basalt altar of Yredelemnul.
   153 | D        | Found an opulent altar of Gozag.
   153 | D        | Found a snail-covered altar of Cheibriados.
   153 | D        | Found a sacrificial altar of Ru.
   153 | D        | Found a shadowy altar of Dithmenos.
   153 | D        | Noticed a yak
   154 | D        | Found a stormy altar of Qazlal.
   154 | D        | Found a blossoming altar of Fedhas.
   154 | D        | Found a bloodstained altar of Trog.
   154 | D        | Found an iron altar of Okawaru.
   154 | D        | Found a glowing golden altar of the Shining One.
   154 | D        | Found a glowing silver altar of Zin.
   154 | D        | Found a white marble altar of Elyvilon.
   155 | D        | Killed a yak
   155 | D        | Reached skill level 14 in Stealth
   156 | D        | Found a sparkling altar of Nemelex Xobeh.
   159 | D        | Became a worshipper of Gozag Ym Sagoz the Greedy
   210 | D        | Bought a scroll labeled JAFEM TEIV for 28 gold pieces
   210 | D        | Bought a smoking turquoise ring for 140 gold pieces
   210 | D        | Bought a knobbly jade ring for 140 gold pieces
   212 | D        | Identified the ring "Neamaodona" {Str+2 Int+2 Stlth--} (You
                  | bought it in a shop in the Dungeon)
   220 | D        | Noticed Sonja
   224 | D        | Killed Sonja
   224 | D        | Reached skill level 16 in Stealth
   224 | D        | Reached XP level 7. HP: 33/33 MP: 10/10
   224 | D        | Reached XP level 8. HP: 37/37 MP: 11/11
   238 | D        | Noticed a deep troll
   242 | D        | Killed a deep troll
   242 | D        | Reached skill level 10 in Short Blades
   242 | D        | Reached skill level 18 in Stealth
   253 | D        | Found Kurro's Armour Emporium.
   270 | D        | Killed by an exploding ballistomycete spore

Skill      XL: |  1  2  3  4  5  6  7  8 |
---------------+-------------------------+-----
Short Blades   | 3 6 7 9 10 | 10.6
Dodging        | 4 9 11 14 16 | 16.2
Stealth        | 8 12 13 16 18 | 18.3
Fighting       | |  1.5
Evocations     | |  2.6

Action                   |  1- 3 |  4- 6 |  7- 9 || total
-------------------------+-------+-------+-------++-------
Melee: Dagger            |     3 |     2 |     2 ||     7
 Fire: Blowgun           |     3 |       |       ||     3
Evoke: Wand              |     1 |     3 |       ||     4
  Use: Scroll            |       |     1 |       ||     1
 Stab: Sleeping          |     2 |     2 |     2 ||     6
Dodge: Dodged            |     2 |       |       ||     2
